[Event "DMP-III LIGA Senior PK 2020"]
[Site "Bystre"]
[Date "2020.07.10"]
[Round "5.30"]
[White "Wladyka, Angelika"]
[Black "Krzyzanowska-Zadlo, Lidia"]
[Result "1/2-1/2"]
[ECO "B13"]
[WhiteElo "1601"]
[BlackElo "1801"]
[Annotator "NA RC"]
[PlyCount "42"]
[EventDate "2020.07.05"]
[EventType "team-tourn"]
[EventCountry "POL"]
[SourceTitle "playchess.com"]
[Source "ChessBase"]
[SourceQuality "1"]
[TimeControl "5400+30"]

1. e4 c6 2. d4 d5 3. exd5 cxd5 4. c4 Nf6 5. Nf3 Nc6 6. Nc3 e6 7. Bd3 dxc4 8. Bxc4 Be7 9. O-O O-O 10. Bf4 a6 11. a4 Bd7 {[%emt 0:06:57] D40: Queen's Gambit Declined: Semi-Tarrasch with 5 e3.} 12. Qe2 Nb4 {[%emt 0:03:18] [#]} 13. Rfe1 $146 ({Predecessor:} 13. Rad1 Bc6 14. Ne5 Bd5 15. Nxd5 Nfxd5 16. Bd2 Re8 17. Qh5 Rf8 18. Qe2 Qe8 19. Bxb4 Bxb4 20. Bxd5 exd5 {1-0 (40) Leal,P (2211)-Teixeira,R (2377) Sao Paulo 2008}) 13... Re8 14. Ne5 Nfd5 15. Nxd5 exd5 16. Bd3 Nxd3 17. Qxd3 Bb4 18. Bd2 Bxd2 19. Qxd2 f6 20. Nxd7 Qxd7 21. b3 Rac8 $11 1/2-1/2

[Event "DMP-III LIGA Senior PK 2020"]
[Site "Bystre"]
[Date "2020.07.11"]
[Round "6.3"]
[White "Stefanski, Adam"]
[Black "Janzer, Hubert"]
[Result "0-1"]
[ECO "A38"]
[WhiteElo "1387"]
[BlackElo "1893"]
[Annotator "NA RC"]
[PlyCount "61"]
[EventDate "2020.07.05"]
[EventType "team-tourn"]
[EventCountry "POL"]
[SourceTitle "playchess.com"]
[Source "ChessBase"]
[SourceQuality "1"]
[TimeControl "5400+30"]

1. c4 Nf6 2. Nc3 c5 3. Nf3 Nc6 4. g3 g6 5. Bg2 Bg7 6. O-O O-O 7. a3 d6 8. d3 a6 9. Rb1 Rb8 10. b4 cxb4 11. axb4 b5 $1 12. cxb5 axb5 13. Bd2 d5 {[%emt 0:08:45] A38: Symmetrical English vs ...g6: 4 Bg2 Bg7 5 Nf3 Nf6.} 14. d4 Bf5 15. Bf4 {[%emt 0:10:08] [#]} Bxb1 $146 ({Predecessor:} 15... Ne4 16. Nxe4 dxe4 17. Nh4 Ra8 18. Nxf5 gxf5 19. e3 Ra4 20. Qh5 Qd5 21. Rbc1 e5 {1-0 (29) Pettersen,J (1858)-Petersson,B (2153) Helsingor 2018}) 16. Bxb8 Be4 17. Bf4 Qb6 18. Qb3 Nxd4 (18... e6 $15) 19. Nxd4 Bxg2 20. Kxg2 Qxd4 21. Nxb5 (21. Rd1 $11 Qa7 22. Nxd5) 21... Qe4+ {[%emt 0:00:11] Double Attack} 22. Kg1 Qxe2 $17 23. Na3 e5 24. Bg5 Ne4 25. Bc1 d4 26. Nc4 Rc8 27. Nb2 Nxf2 28. Rxf2 Rxc1+ 29. Kg2 Qe4+ 30. Kh3 Qb7 31. Nc4 0-1

[Event "DMP-III LIGA Senior PK 2020"]
[Site "Bystre"]
[Date "2020.07.11"]
[Round "6.4"]
[White "Lach, Tomasz"]
[Black "Korys, Dawid"]
[Result "1-0"]
[ECO "D03"]
[WhiteElo "1833"]
[BlackElo "1343"]
[Annotator "NA RC"]
[PlyCount "69"]
[EventDate "2020.07.05"]
[EventType "team-tourn"]
[EventCountry "POL"]
[SourceTitle "playchess.com"]
[Source "ChessBase"]
[SourceQuality "1"]
[TimeControl "5400+30"]

1. d4 Nf6 2. Bg5 e6 3. Nf3 Be7 4. e3 d5 5. Nbd2 b6 6. Bd3 {[%emt 0:00:11] D03: 1 d4 d5 2 Nf3 Nf6 3 Bg5, including Torre Attack with early ...d5.} Ba6 7. Bxa6 Nxa6 8. c3 {[%emt 0:00:02] [#]} Nb8 $146 ({Predecessor:} 8... O-O 9. Ne5 Nb8 10. O-O c5 11. a4 Qc7 12. Bf4 Bd6 13. Re1 Nbd7 14. Ndf3 Nh5 15. Nxd7 Qxd7 {½-½ (22) Ibanez,F (2055)-Millain,D Torre Blanca 2018}) 9. O-O Nbd7 10. Rc1 c5 11. Re1 h6 12. Bh4 g5 13. Bg3 Nh5 14. Qa4 (14. e4 $16) 14... Nxg3 15. hxg3 O-O 16. Qc2 Qc7 17. Qd3 e5 18. dxe5 Nxe5 19. Qxd5 Rad8 20. Qxe5 Qxe5 21. Nxe5 Rxd2 22. Nc4 Rd7 23. e4 Rfd8 24. Ne3 Rd2 25. Nd5 Kf8 26. Rb1 f5 27. c4 fxe4 28. Rxe4 R8xd5 29. cxd5 Rxd5 30. Re6 h5 31. Rbe1 Rd7 32. f4 Kf7 33. Rh6 gxf4 34. gxf4 Rd5 $18 (34... Bf6 35. Rh7+ (35. Rxh5 Rd2 $18) 35... Bg7) 35. Rh7+ 1-0

[Event "DMP-III LIGA Senior PK 2020"]
[Site "Bystre"]
[Date "2020.07.11"]
[Round "6.5"]
[White "Medrygal, Rafal"]
[Black "Lach, Mateusz"]
[Result "1-0"]
[ECO "C01"]
[WhiteElo "1258"]
[BlackElo "1674"]
[Annotator "NA RC"]
[PlyCount "155"]
[EventDate "2020.07.05"]
[EventType "team-tourn"]
[EventCountry "POL"]
[SourceTitle "playchess.com"]
[Source "ChessBase"]
[SourceQuality "1"]
[TimeControl "5400+30"]

1. e4 e6 2. Nf3 d5 3. exd5 exd5 4. d4 Nf6 5. Bd3 Bd6 6. Bg5 Bg4 7. h3 Bh5 8. Nbd2 O-O 9. O-O Nbd7 10. c3 c6 11. Qc2 Qc7 12. Rfe1 Rfe8 13. c4 dxc4 14. Bxc4 Bf4 15. Bxf4 Qxf4 16. Qb3 b5 17. Bd3 Qd6 18. Rac1 a6 19. Qc2 Rxe1+ 20. Rxe1 c5 21. dxc5 Nxc5 22. Be4 Rd8 23. b4 Ncxe4 24. Nxe4 Nxe4 25. Qxe4 Bxf3 26. gxf3 g6 27. a3 Qd3 28. Re3 Qd1+ 29. Kg2 Rd5 30. Qf4 Rf5 31. Qg4 h5 32. Qg3 Qd8 33. h4 Qf6 34. Re8+ Kh7 35. Qb8 Rf4 36. Rh8+ Qxh8 37. Qxf4 Qe8 38. Qf6 Qe6 39. Qf4 Kg7 40. Qe3 Qf6 41. Kg3 Qd6+ 42. Kg2 f6 43. f4 Qc6+ 44. Kg3 Qc7 45. Kg2 Qc6+ 46. Kg3 Qd7 47. f3 Kf7 48. Qb6 Qc8 49. Qa7+ Ke6 50. Qb6+ Kf5 51. Qd6 Qb7 52. Qd3+ Ke6 53. Qxg6 Qf7 54. Qe4+ Kd6 55. Qd4+ Ke7 56. Qa7+ Kf8 57. Qxa6 Qg6+ 58. Kf2 Qc2+ 59. Ke3 Qc3+ 60. Ke4 Qc2+ 61. Kd5 Qc4+ 62. Kd6 Qxf4+ 63. Kc5 Qc4+ 64. Kb6 Qxh4 65. Qa8+ Kg7 66. Kxb5 Qg5+ 67. Ka6 h4 68. b5 Qc5 69. Qb7+ Kh6 70. a4 h3 71. Qb8 Kg5 72. Qg3+ Kh6 73. Qxh3+ Kg6 74. Qg4+ Kh6 75. b6 Qc6 76. Qe4 Qd6 77. Ka7 Qd7+ 78. b7 1-0

[Event "DMP-III LIGA Senior PK 2020"]
[Site "Bystre"]
[Date "2020.07.11"]
[Round "6.6"]
[White "Wladyka, Angelika"]
[Black "Trybowska, Anna"]
[Result "1/2-1/2"]
[ECO "C50"]
[WhiteElo "1601"]
[BlackElo "1583"]
[Annotator "NA"]
[PlyCount "27"]
[EventDate "2020.07.05"]
[EventType "team-tourn"]
[EventCountry "POL"]
[SourceTitle "playchess.com"]
[Source "ChessBase"]
[SourceQuality "1"]
[TimeControl "5400+30"]

1. e4 e5 2. Nf3 Nc6 3. Bc4 Bc5 4. Nc3 Nf6 5. O-O d6 6. d3 h6 7. Nd5 Bg4 8. h3 Bh5 9. c3 O-O 10. Be3 Bb6 11. Bxb6 axb6 12. a3 Nxd5 13. Bxd5 Qd7 14. Re1 1/2-1/2

[Event "DMP-III LIGA Senior PK 2020"]
[Site "Bystre"]
[Date "2020.07.11"]
[Round "6.9"]
[White "Chowaniec, Artur"]
[Black "Biesiadecki, Adam"]
[Result "1/2-1/2"]
[ECO "D00"]
[WhiteElo "1530"]
[BlackElo "1539"]
[Annotator "NA"]
[PlyCount "50"]
[EventDate "2020.07.05"]
[EventType "team-tourn"]
[EventCountry "POL"]
[SourceTitle "playchess.com"]
[Source "ChessBase"]
[SourceQuality "1"]
[TimeControl "5400+30"]

1. Nh3 Nh6 2. Ng5 Ng4 3. Nf3 Nf6 4. Nc3 Nc6 5. Nb5 Nb4 6. Na3 Na6 7. Ng1 Nb8 8. Nb1 Ng8 9. d4 d5 10. c3 c6 11. e3 e6 12. Nf3 Nf6 13. Bd3 Bd6 14. O-O O-O 15. Re1 h6 16. h3 a6 17. a3 b5 18. b4 Nbd7 19. Nbd2 Nb6 20. Nb3 Qc7 21. Qc2 Bd7 22. Bd2 Rac8 23. Rac1 Rfd8 24. Red1 Na4 25. Na5 Be7 1/2-1/2

[Event "DMP-III LIGA Senior PK 2020"]
[Site "Bystre"]
[Date "2020.07.11"]
[Round "6.10"]
[White "Juszczuk, Grzegorz"]
[Black "Wrobel, Dariusz"]
[Result "1-0"]
[ECO "D02"]
[WhiteElo "1809"]
[BlackElo "1427"]
[Annotator "NA RC"]
[PlyCount "103"]
[EventDate "2020.07.05"]
[EventType "team-tourn"]
[EventCountry "POL"]
[SourceTitle "playchess.com"]
[Source "ChessBase"]
[SourceQuality "1"]
[TimeControl "5400+30"]

1. d4 d5 2. Nf3 e6 3. Bf4 c5 4. e3 cxd4 5. exd4 Nc6 6. Be2 {[%emt 0:00:25] D02: 1 d4 d5 2 Nf3 sidelines, including 2...Nf6 3 g3 and 2...Nf6 3 Bf4.} Bd6 7. Bxd6 Qxd6 8. O-O Nge7 {[%emt 0:00:06] [#]} 9. c3 $146 ({Predecessor:} 9. Re1 O-O 10. a3 Bd7 11. Bd3 f6 12. Nbd2 Be8 13. c4 Bg6 14. cxd5 exd5 15. Qb3 Bxd3 16. Qxd3 {1-0 (78) Hahner,A (2112)-Winiger,A (1881) Remote email 2012}) 9... O-O 10. Nbd2 a6 11. Re1 Ng6 12. Bd3 Nce7 13. Rc1 b5 14. Nb3 Bb7 (14... f6 $1 $11 {remains equal.}) 15. Nc5 Bc6 16. Bb1 Rfc8 17. Qd3 Nf8 18. Ne5 Be8 19. Re3 (19. Qe2 $16) 19... Neg6 20. Rce1 Rc7 (20... f6 $11 21. Ng4 e5) 21. g3 ({White should play} 21. Nxg6 $16 hxg6 22. Qe2) 21... Qe7 22. h4 Nxe5 23. Rxe5 Qf6 24. R1e3 Ng6 25. Rg5 Rc6 26. Rf3 Qd8 27. Qe3 Nf8 28. Qd3 Qd6 29. h5 f5 (29... h6 $1 $15 30. Rg4 e5) 30. h6 Ng6 31. hxg7 Kxg7 32. Qe3 Ra7 $2 {[%emt 0:01:22] [#]} (32... Kh8 {was necessary.} 33. Nd3 Rc7) 33. Rh5 $2 (33. Bxf5 $1 exf5 34. Qxe8) 33... Re7 34. Qh6+ Kg8 35. b4 Rg7 36. Re3 Bf7 (36... Nf8 $16 {is a better defense.}) 37. Rg5 Qf8 38. f4 (38. g4 $18) 38... Ne7 $2 (38... a5 $16 39. g4 (39. bxa5 Rxc5 40. dxc5 Qxc5 $11) 39... axb4) 39. Nxe6 $2 (39. Nd7 $18 {is more deadly.} e5 40. Qh4 (40. Nxf8 Rxh6 41. Rxe5 Nc6 $11)) 39... Bxe6 40. Rxe6 Rxe6 $4 (40... Rg6 $16 {is tougher.} 41. Qxf8+ Kxf8 42. Rgxg6 (42. Rxc6 Rxc6 43. Bxf5 Rxc3 $14) 42... hxg6 43. Rxc6 Nxc6) 41. Qxe6+ Kh8 42. Qe5 Ng6 43. Qxd5 Qe8 {[%emt 0:00:39] [#]} 44. Kf2 $1 Re7 45. Bd3 Re1 46. Qf3 Ra1 47. Qe2 Qf7 $18 (47... Qxe2+ 48. Kxe2 Ne7 49. Bxf5 h6) 48. Rxf5 Qd7 49. Be4 Qc7 50. Rc5 Qd7 51. Bxg6 hxg6 52. Qe5+ 1-0

[Event "DMP-III LIGA Senior PK 2020"]
[Site "Bystre"]
[Date "2020.07.11"]
[Round "6.11"]
[White "Kielb, Miroslaw"]
[Black "Bialek, Filip"]
[Result "1-0"]
[ECO "B01"]
[WhiteElo "1394"]
[BlackElo "1026"]
[Annotator "NA RC"]
[PlyCount "101"]
[EventDate "2020.07.05"]
[EventType "team-tourn"]
[EventCountry "POL"]
[SourceTitle "playchess.com"]
[Source "ChessBase"]
[SourceQuality "1"]
[TimeControl "5400+30"]

1. e4 d5 2. exd5 Qxd5 3. Nc3 Qd8 4. d4 c6 5. Nf3 Bf5 6. Bd3 Bg4 7. Be2 Nf6 8. O-O e6 9. h3 Bh5 10. a3 Nbd7 11. Bf4 Bxf3 12. Bxf3 Nb6 13. Re1 Nbd5 14. Nxd5 Nxd5 15. Bxd5 Qxd5 16. Re5 Qd7 17. Qd2 Bd6 18. Re4 O-O-O 19. Rae1 Bxf4 20. Qxf4 Rhg8 21. c3 Rde8 22. Qe5 g5 23. g4 Rg6 24. Qa5 Kb8 25. c4 Qc7 26. Qd2 Qd6 27. d5 cxd5 28. cxd5 Rd8 29. Re5 h6 30. Qe3 a6 31. dxe6 fxe6 32. Rxe6 Rxe6 33. Qxe6 Qxe6 34. Rxe6 Rh8 35. Kg2 Kc7 36. Rg6 Rh7 37. Kg3 a5 38. h4 gxh4+ 39. Kxh4 Rf7 40. Kg3 Rh7 41. f4 Rd7 42. Rxh6 Rd3+ 43. Kh4 Rd2 44. g5 Rxb2 45. g6 Kd7 46. Kg5 Ke7 47. Rh7+ Kf8 48. f5 Kg8 49. Rc7 Rg2+ 50. Kf6 Rc2 51. Rxc2 1-0

[Event "DMP-III LIGA Senior PK 2020"]
[Site "Bystre"]
[Date "2020.07.11"]
[Round "6.12"]
[White "Krzyzanowska-zadlo, Lidia"]
[Black "Wolak, Julia"]
[Result "1-0"]
[ECO "B22"]
[WhiteElo "1801"]
[BlackElo "1516"]
[Annotator "NA RC"]
[PlyCount "61"]
[EventDate "2020.07.05"]
[EventType "team-tourn"]
[EventCountry "POL"]
[SourceTitle "playchess.com"]
[Source "ChessBase"]
[SourceQuality "1"]
[TimeControl "5400+30"]

1. e4 c5 2. c3 Nf6 3. e5 Nd5 4. Nf3 Nc6 5. Bc4 Nb6 6. Be2 e6 7. O-O d5 8. d4 cxd4 9. cxd4 Bd7 10. Nc3 a6 11. Be3 Rc8 12. Nd2 Na5 13. Rc1 Bb4 14. a3 Bxc3 15. Rxc3 Rxc3 16. bxc3 Qc7 17. Qc2 O-O 18. Rb1 Na4 19. c4 dxc4 20. Ne4 h6 21. Bxh6 Rc8 22. Qd2 Kf8 23. Qg5 gxh6 24. Qxh6+ Ke7 25. Qf6+ Kf8 26. Ng5 Bb5 27. Nxe6+ Ke8 28. Nxc7+ Rxc7 29. d5 Nc3 30. Qh8+ Kd7 31. Bg4+ 1-0

[Event "DMP-III LIGA Senior PK 2020"]
[Site "Bystre"]
[Date "2020.07.11"]
[Round "6.14"]
[White "Ciasnocha, Michal"]
[Black "Marciniak, Leonard"]
[Result "0-1"]
[ECO "A43"]
[WhiteElo "1795"]
[BlackElo "1672"]
[Annotator "NA RC"]
[PlyCount "106"]
[EventDate "2020.07.05"]
[EventType "team-tourn"]
[EventCountry "POL"]
[SourceTitle "playchess.com"]
[Source "ChessBase"]
[SourceQuality "1"]
[TimeControl "5400+30"]

1. d4 c5 2. e3 cxd4 3. exd4 d5 4. Nf3 Nc6 5. Bd3 Bg4 6. c3 Nf6 7. Bf4 e6 8. Nbd2 Bd6 9. Bg3 O-O 10. Qb3 Rb8 11. Ne5 Bh5 12. Ndf3 Bg6 13. Nxg6 hxg6 14. a4 Na5 15. Qc2 Rc8 16. O-O Bxg3 17. hxg3 Qb6 18. Rfb1 Qb3 19. Qe2 Qb6 20. Nd2 Qc7 21. Ra3 Nc4 22. Ra2 Nd6 23. Rc1 Nf5 24. Nf3 Nd6 25. Nd2 Rfd8 26. b3 Qb6 27. Rac2 Nf5 28. g4 Nd6 29. Qf3 Nde4 30. Bxe4 Nxe4 31. Rb1 Nxd2 32. Rxd2 Qd6 33. Rd3 g5 34. Qe3 f6 35. Re1 Kf7 36. Qd2 Rh8 37. Rh3 Rxh3 38. gxh3 Qf4 39. Qe3 Qxe3 40. Rxe3 Ke7 41. Kg2 Kd6 42. Kg3 Rc6 43. h4 gxh4+ 44. Kxh4 Rb6 45. b4 Ra6 46. Kh5 Rxa4 47. Kg6 e5 48. Rd3 e4 49. Re3 Ra2 50. f3 Rg2 51. fxe4 Rxg4+ 52. Kf5 Rxe4 53. Rg3 Re7 0-1

[Event "DMP-III LIGA Senior PK 2020"]
[Site "Bystre"]
[Date "2020.07.11"]
[Round "6.15"]
[White "Klok, Kacper"]
[Black "Babiarz, Arkadiusz"]
[Result "0-1"]
[ECO "D30"]
[WhiteElo "1463"]
[BlackElo "1840"]
[Annotator "NA RC"]
[PlyCount "46"]
[EventDate "2020.07.05"]
[EventType "team-tourn"]
[EventCountry "POL"]
[SourceTitle "playchess.com"]
[Source "ChessBase"]
[SourceQuality "1"]
[TimeControl "5400+30"]

1. d4 d5 2. Nf3 Nf6 3. Bf4 e6 4. c4 dxc4 5. Nc3 a6 6. a4 {[%emt 0:01:28] D30: Queen's Gambit Declined: Systems without Nc3.} Bb4 7. Qc2 Nc6 8. e3 Na5 {[%emt 0:00:22] [#]} 9. Be2 $146 ({Predecessor:} 9. Nd2 Nd5 10. Bg3 b5 11. axb5 axb5 12. Be2 Bb7 13. O-O Bc6 14. Ra2 Rb8 15. Rfa1 {0-1 (40) Iftime,D (1615)-Bulmaga,I (2222) Voineasa 2010}) 9... O-O 10. O-O b6 11. Nd2 Bb7 12. f3 $2 (12. Nxc4 $11 {and White stays safe.} Bxc3 13. bxc3) 12... Nd5 13. Nxd5 exd5 ({Weaker is} 13... Bxd5 14. Nxc4 Nxc4 15. Bxc4 $11) 14. Rad1 Qd7 15. e4 Bxd2 ({Better is} 15... Bc6 $19 16. Ra1 Rfe8) 16. Bxd2 Nb3 17. Bb4 Rfe8 ({Of course not} 17... Qxa4 $6 18. Bxf8 Rxf8 19. Rfe1 $11) 18. exd5 Qxa4 19. Bxc4 Qxb4 20. Bxb3 Rad8 21. Qxc7 Qxb3 $17 22. Qxb7 Qxb2 23. Qxa6 Re2 0-1

[Event "DMP-III LIGA Senior PK 2020"]
[Site "Bystre"]
[Date "2020.07.11"]
[Round "6.17"]
[White "Karas, Kacper"]
[Black "Wozniak, Grzegorz"]
[Result "1/2-1/2"]
[ECO "A23"]
[WhiteElo "1150"]
[BlackElo "1608"]
[Annotator "NA RC"]
[PlyCount "55"]
[EventDate "2020.07.05"]
[EventType "team-tourn"]
[EventCountry "POL"]
[SourceTitle "playchess.com"]
[Source "ChessBase"]
[SourceQuality "1"]
[TimeControl "5400+30"]

1. c4 Nf6 2. g3 e5 3. Bg2 Bc5 4. Nc3 O-O 5. e3 c6 6. Nge2 d5 7. cxd5 cxd5 8. d4 exd4 9. Nxd4 Nc6 10. Nxc6 bxc6 11. Qa4 Bb7 12. b4 Bb6 13. O-O Qc7 14. Rd1 Rad8 15. Ne2 Ne4 16. Bb2 Rfe8 17. Nd4 c5 18. bxc5 Qxc5 19. Rac1 Qa5 20. Qxa5 Bxa5 21. Bxe4 Rxe4 22. Bc3 Bb6 23. Kf1 f6 24. Rb1 Rc8 25. Rdc1 Re7 26. Bb2 Rec7 27. Rxc7 Rxc7 28. Rc1 1/2-1/2

[Event "DMP-III LIGA Senior PK 2020"]
[Site "Bystre"]
[Date "2020.07.11"]
[Round "6.18"]
[White "Polak, Sylwia"]
[Black "Uliasz, Katarzyna"]
[Result "0-1"]
[ECO "E91"]
[WhiteElo "1614"]
[BlackElo "1386"]
[Annotator "NA RC"]
[PlyCount "66"]
[EventDate "2020.07.05"]
[EventType "team-tourn"]
[EventCountry "POL"]
[SourceTitle "playchess.com"]
[Source "ChessBase"]
[SourceQuality "1"]
[TimeControl "5400+30"]

1. d4 Nf6 2. c4 g6 3. Nc3 Bg7 4. e4 d6 5. Nf3 O-O 6. Be2 Nbd7 7. O-O e5 8. d5 Nc5 9. Qc2 a5 10. Bg5 h6 11. Be3 b6 12. Ne1 Ng4 13. Bxg4 Bxg4 14. Nd3 Nxd3 15. Qxd3 f5 16. f3 Bh5 17. b3 f4 18. Bf2 g5 19. a3 g4 20. Kh1 Bf6 21. b4 Bh4 22. fxg4 Bxg4 23. Rac1 Bxf2 24. Rxf2 Qg5 25. Ne2 Kh7 26. c5 axb4 27. cxd6 cxd6 28. axb4 Ra2 29. Rc2 Ra1+ 30. Nc1 f3 31. Qc3 fxg2+ 32. Rxg2 Rf1+ 33. Rg1 Bf3+ 0-1

[Event "DMP-III LIGA Senior PK 2020"]
[Site "Bystre"]
[Date "2020.07.11"]
[Round "6.19"]
[White "Marut, Leszek"]
[Black "Zgoda, Damian"]
[Result "1-0"]
[ECO "A41"]
[WhiteElo "1863"]
[BlackElo "1672"]
[Annotator "NA RC"]
[PlyCount "73"]
[EventDate "2020.07.05"]
[EventType "team-tourn"]
[EventCountry "POL"]
[SourceTitle "playchess.com"]
[Source "ChessBase"]
[SourceQuality "1"]
[TimeControl "5400+30"]

1. d4 g6 2. Nf3 Bg7 3. g3 d6 4. Bg2 c5 5. O-O Qb6 6. c3 {[%emt 0:03:22] A41: 1 d4 d6: Tartakower System and Modern Defence.} Nf6 7. Nbd2 O-O 8. Qb3 {[%emt 0:16:40] [#]} Nc6 $146 ({Predecessor:} 8... Be6 9. Qxb6 axb6 10. a3 {½-½ (10) Ljubisavljevic,Z (2240)-Stoppa,O (2279) Imperia 2012}) 9. dxc5 Qxc5 10. Qa4 b5 11. Qh4 h6 (11... Rb8 $15) 12. Nb3 Qb6 13. Bxh6 Ng4 {[%emt 0:03:31] [#]} (13... Bb7 $16 {was called for.}) 14. Bxg7 (14. Be3 $1 $18 Qc7 (14... Nxe3 15. Ng5) 15. Ng5) 14... Kxg7 15. Qg5 ({Not} 15. Ng5 $2 Rh8 $19) 15... Rh8 16. h4 Bd7 17. Nfd4 Rh5 18. Qd2 Rah8 19. Nxc6 Bxc6 20. Qd4+ Qxd4 21. Nxd4 Bxg2 22. Kxg2 g5 23. Nf3 gxh4 24. Nxh4 Rc8 25. Rfd1 d5 (25... Nf6 $16 {might work better.}) 26. a4 b4 27. Rd4 ({Don't do} 27. cxb4 $6 Rc2 $16) 27... Rc4 (27... Nf6 $142 28. Rxb4 Rc7) 28. Rxc4 dxc4 29. cxb4 Rd5 30. Rc1 Ne5 31. Rc2 a6 32. Nf3 Kf6 33. Nxe5 Rxe5 34. Kf3 Rf5+ 35. Ke3 Re5+ 36. Kd4 Kf5 $18 (36... Ke6 $142 37. e4 Rh5 38. Rxc4 Rh2) 37. Kxc4 1-0

[Event "DMP-III LIGA Senior PK 2020"]
[Site "Bystre"]
[Date "2020.07.11"]
[Round "6.22"]
[White "Mikula, Michal"]
[Black "Zajac, Karol"]
[Result "1-0"]
[ECO "B23"]
[WhiteElo "1858"]
[BlackElo "1652"]
[Annotator "NA RC"]
[PlyCount "79"]
[EventDate "2020.07.05"]
[EventType "team-tourn"]
[EventCountry "POL"]
[SourceTitle "playchess.com"]
[Source "ChessBase"]
[SourceQuality "1"]
[TimeControl "5400+30"]

1. e4 c5 2. Nc3 Nc6 3. Bb5 g6 4. Bxc6 dxc6 5. f4 Bg7 6. Nf3 {B23: Closed Sicilian: Lines without g3.} Nf6 7. O-O Qc7 8. d3 Bd7 9. Qe1 {[#]} Rd8 $146 ({Predecessor:} 9... b6 10. Kh1 h5 11. Ng5 Ng4 12. e5 Bf5 13. Nce4 Bxe4 14. dxe4 Nh6 15. a4 a5 {1-0 (82) Pridorozhni,A (2510)-Nogin,V (2218) Ekaterinburg 2008}) 10. e5 Nd5 11. Ne4 Qb6 12. c3 (12. Bd2 $16) 12... Bf5 13. Nh4 c4+ 14. d4 (14. Kh1 $5 ) 14... Bxe4 $1 15. Qxe4 f5 (15... c5 $11) 16. exf6 Bxf6 17. f5 g5 18. Nf3 h6 19. Ne5 Bxe5 20. Qxe5 Nf6 21. Re1 O-O 22. h4 Rd5 23. Qe6+ Kg7 24. hxg5 hxg5 25. Bxg5 Rf7 26. Re3 Qxb2 (26... Qc7 $18 27. Rf1 Qd6 28. Bh6+ Kg8) 27. Bxf6+ exf6 28. Rg3+ Kf8 29. Qc8+ Ke7 30. Re1+ Re5 31. dxe5 Qd2 32. exf6+ Kd6 33. Rge3 Kc5 34. Qe6 Rd7 35. f7 Rd5 36. f8=Q+ Kb6 37. Qb4+ Rb5 38. Qbxc4 Rb2 39. Qd4+ Qxd4 40. cxd4 1-0

[Event "DMP-III LIGA Senior PK 2020"]
[Site "Bystre"]
[Date "2020.07.11"]
[Round "6.23"]
[White "Materniak, Aleksander"]
[Black "Sygulski, Piotr"]
[Result "1/2-1/2"]
[ECO "C78"]
[WhiteElo "1660"]
[BlackElo "1652"]
[Annotator "NA RC"]
[PlyCount "94"]
[EventDate "2020.07.05"]
[EventType "team-tourn"]
[EventCountry "POL"]
[SourceTitle "playchess.com"]
[Source "ChessBase"]
[SourceQuality "1"]
[TimeControl "5400+30"]

1. e4 e5 2. Nf3 Nc6 3. Bb5 a6 4. Ba4 Nf6 5. O-O b5 6. Bb3 Be7 7. Re1 O-O 8. c3 d6 9. h3 Na5 10. Bc2 c5 11. d4 Qc7 12. Nbd2 cxd4 13. cxd4 Bb7 14. Nf1 Rac8 15. Bd3 Nd7 16. Be3 Nc4 17. Rc1 Qa5 18. Qb3 Nxe3 19. fxe3 exd4 20. exd4 Qb6 21. Kh1 Rfe8 22. Ng3 Rxc1 23. Rxc1 Bf6 24. Rd1 g6 25. Bb1 Nf8 26. Rf1 Ne6 27. a4 Bxd4 28. Nxd4 Qxd4 29. axb5 Qb6 30. Qf3 Rf8 31. Ba2 Bc8 32. bxa6 Qxa6 33. Bd5 Nd8 34. Qf6 Qa5 35. h4 Qd2 36. Qxd6 Qxb2 37. e5 Be6 38. Bxe6 Nxe6 39. Ne4 Qe2 40. Nf6+ Kg7 41. Kg1 Qe3+ 42. Kh2 Rd8 43. Qe7 Qxe5+ 44. Kh1 Rf8 45. Nd7 Qc7 46. Qf6+ Kg8 47. Nxf8 Nxf8 1/2-1/2

[Event "DMP-III LIGA Senior PK 2020"]
[Site "Bystre"]
[Date "2020.07.11"]
[Round "6.24"]
[White "Zgoda, Aleksandra"]
[Black "Tarsa, Joanna"]
[Result "1-0"]
[ECO "B32"]
[WhiteElo "1203"]
[BlackElo "1574"]
[Annotator "NA RC"]
[PlyCount "75"]
[EventDate "2020.07.05"]
[EventType "team-tourn"]
[EventCountry "POL"]
[SourceTitle "playchess.com"]
[Source "ChessBase"]
[SourceQuality "1"]
[TimeControl "5400+30"]

1. e4 c5 2. Nf3 Nc6 3. d4 cxd4 4. Nxd4 e5 5. Nf3 d6 6. Nc3 Nf6 7. Bg5 Be7 8. Bc4 O-O 9. O-O a6 10. a4 Qc7 11. Qd2 Nb4 12. Bb3 Rd8 13. Rad1 Bg4 14. Qe3 Nh5 15. Bxe7 Qxe7 16. h3 Bxf3 17. Qxf3 Nf4 18. Ne2 Nxe2+ 19. Qxe2 Rac8 20. c3 Nc6 21. Rd3 Rc7 22. Rg3 Qf6 23. Rd1 Qh6 24. Rdd3 Ne7 25. Rg4 g6 26. Rdg3 Kf8 27. Rf3 f5 28. exf5 Nxf5 29. Rc4 Rdd7 30. g4 Qg5 31. Kh2 Rxc4 32. Qxc4 d5 33. Qc5+ Ke8 34. gxf5 gxf5 35. Rg3 Qf4 36. Bxd5 h5 37. Kg2 Rxd5 38. Qxd5 1-0

[Event "DMP-III LIGA Senior PK 2020"]
[Site "Bystre"]
[Date "2020.07.11"]
[Round "6.27"]
[White "Wojciechowski, Beniamin"]
[Black "Futyma, Dawid"]
[Result "1-0"]
[ECO "B12"]
[WhiteElo "1835"]
[BlackElo "1278"]
[Annotator "NA RC"]
[PlyCount "55"]
[EventDate "2020.07.05"]
[EventType "team-tourn"]
[EventCountry "POL"]
[SourceTitle "playchess.com"]
[Source "ChessBase"]
[SourceQuality "1"]
[TimeControl "5400+30"]

1. e4 c6 2. d4 d5 3. e5 Bf5 4. h4 h6 5. g4 Bh7 6. e6 fxe6 7. Bd3 Bxd3 8. Qxd3 Nf6 {[%emt 0:00:24] B12: Caro-Kann: Advance Variation.} 9. Bf4 Qb6 {[%emt 0:01:41] [#]} 10. b3 $146 ({Predecessor:} 10. Nc3 Nbd7 11. O-O-O O-O-O 12. Qg3 c5 13. Nf3 Ne4 14. Nxe4 dxe4 15. dxc5 Qa5 16. Nd4 Qxa2 {1-0 (42) Galaktionov,P (2163)-Bobarykin,D (2226) Bratsk 2013}) 10... Na6 $2 (10... e5 $11 11. Bxe5 Nbd7) 11. c3 O-O-O 12. f3 c5 13. Ne2 c4 14. Qc2 Qc6 15. a4 e5 16. dxe5 (16. Bxe5 $14 Nd7 17. Bg3) 16... Nxg4 $2 (16... cxb3 $11 17. Qd2 Nd7) 17. Qf5+ e6 18. Qxg4 cxb3 19. O-O $2 ({White should play} 19. Be3 $16) 19... Bc5+ (19... Qc4 $1 $15 20. Qxe6+ Kb8) 20. Kh1 g5 {[%emt 0:00:35] [#]} 21. Bh2 $1 gxh4 {[%emt 0:01:41] [#]} 22. Nd2 $1 b2 {[%emt 0:01:40] [#]} 23. Ra2 $1 Rdg8 24. Qxh4 Qe8 25. Rxb2 Qg6 $18 (25... Rg5 {was necessary.} 26. Rfb1 Rh5) 26. Nf4 Qf5 27. Qh3 Qg5 28. Nxe6 1-0

[Event "DMP-III LIGA Senior PK 2020"]
[Site "Bystre"]
[Date "2020.07.11"]
[Round "6.28"]
[White "Szaro, Mariusz"]
[Black "Krynicki, Grzegorz"]
[Result "1-0"]
[ECO "D03"]
[WhiteElo "1599"]
[BlackElo "1369"]
[Annotator "NA RC"]
[PlyCount "52"]
[EventDate "2020.07.05"]
[EventType "team-tourn"]
[EventCountry "POL"]
[SourceTitle "playchess.com"]
[Source "ChessBase"]
[SourceQuality "1"]
[TimeControl "5400+30"]

1. d4 d5 2. Nf3 Nf6 3. Bg5 e6 4. e3 Be7 5. Bd3 O-O 6. Nbd2 b6 7. Qe2 Nbd7 8. Ne5 Bb7 9. Qf3 c5 10. c3 Qc7 11. Nxd7 Qxd7 12. Bxf6 Bxf6 13. Qh3 h6 14. f4 Be7 15. g4 f5 16. gxf5 exf5 17. Nf3 Qe6 18. Ne5 c4 19. Bc2 b5 20. Rg1 Qf6 21. Rg3 Qh4 22. Qg2 g5 23. Ng6 gxf4 24. Nxh4+ fxg3 25. Qxg3+ Bg5 26. Nxf5 Kh8 1-0